Map: Oceanborn LE

Players

Entangled - Winner!

  • Race: Protoss Protoss
  • League: Platinum
  • Spawn Location: 5:00

Subwayeatn

  • Race: Zerg Zerg
  • League: Platinum
  • Spawn Location: 11:00

VOD

Have the link to the VOD?

Description

Time

  • Played on: Nov. 3, 2023, 2:40 p.m.
  • Length: 14:44
Show
View Real Time Build Order
Export as new Build Order

Entangled Protoss - Winner!

Build Orders: Carriers 

Get SALT Encoding   

  12  0:01  Probe  
  13  0:13  Probe  
  14  0:20  Pylon  
  14  0:25  Probe  
  15  0:38  Probe (Chrono Boost)  
  15  0:41  Gateway  
  17  0:50  Assimilator, Probe (Chrono Boost)  
  17  0:55  Probe (Chrono Boost)  
  18  1:04  Probe  
  19  1:17  Probe  
  20  1:28  Gateway  
  20  1:29  Pylon, Probe  
  21  1:36  Pylon  
  21  1:44  Cybernetics Core  
  21  1:49  Zealot (Chrono Boost)  
  21  1:54  Probe  
  24  2:06  Probe  
  24  2:18  Probe  
  24  2:22  Shield Battery  
  25  2:23  Stalker (Chrono Boost)  
  29  2:32  Stalker (Chrono Boost)  
  29  2:49  Nexus  
  29  2:59  Stalker  
  29  3:04  Stalker  
  33  3:09  Probe  
  34  3:21  Probe  
  34  3:22  Assimilator  
  35  3:27  Warp Gate (Chrono Boost)  
  35  3:32  Pylon  
  35  3:33  Stalker, Probe  
  38  3:45  Probe  
  39  3:53  Stalker  
  41  4:00  Probe (Chrono Boost)  
  43  4:02  Probe (Chrono Boost)  
  44  4:12  Probe (Chrono Boost)  
  44  4:13  Probe (Chrono Boost)  
  43  4:17  Probe (Chrono Boost)  
  43  4:18  Stalker  
  43  4:21  Probe  
  43  4:23  Stalker  
  49  4:29  Probe (Chrono Boost)  
  49  4:39  Probe (Chrono Boost)  
  49  4:40  Probe (Chrono Boost)  
  50  4:46  Stargate  
  50  4:47  Assimilator  
  50  4:51  Assimilator  
  50  4:55  Probe x2  
  50  4:59  Stargate  
  52  5:07  Probe  
  52  5:14  Probe  
  54  5:19  Probe  
  55  5:25  Stalker x2  
  55  5:26  Probe  
  60  5:31  Probe  
  60  5:32  Pylon  
  61  5:38  Pylon, Probe  
  62  5:47  Oracle x2 (Chrono Boost)  
  69  5:50  Probe  
  69  5:53  Probe  
  70  5:57  Stalker x2  
  70  6:02  Probe  
  75  6:13  Probe  
  75  6:18  Pylon  
  76  6:26  Pylon  
  76  6:33  Pylon  
  76  6:41  Oracle (Chrono Boost)  
  76  6:45  Pylon  
  82  6:51  Oracle (Chrono Boost)  
  82  6:54  Pylon  
  83  7:01  Probe  
  83  7:05  Probe  
  84  7:13  Probe  
  85  7:18  Probe  
  86  7:23  Gateway  
  86  7:25  Gateway x2  
  86  7:26  Stalker  
  86  7:27  Gateway x2, Stalker  
  90  7:34  Fleet Beacon  
  90  7:43  Pylon  
  90  7:45  Pylon  
  90  7:54  Probe x2  
  89  8:16  Probe  
  89  8:17  Probe  
  85  8:37  Stalker x5  
  85  8:38  Stalker x2  
  99  8:52  Nexus  
  99  9:02  Stalker  
  99  9:03  Stalker x6  
  99  9:05  Carrier  
  99  9:06  Carrier  
  125  9:10  Pylon  
  125  9:12  Nexus  
  125  9:29  Stalker  
  125  9:30  Stalker x3  
  133  9:37  Shield Battery  
  133  9:47  Forge  
  133  9:48  Shield Battery  
  133  9:57  Pylon  
  133  10:00  Pylon  
  133  10:07  Assimilator  
  133  10:08  Twilight Council  
  133  10:09  Stalker  
  133  10:10  Assimilator  
  135  10:14  Carrier  
  135  10:17  Protoss Air Weapons Level 1 (Chrono Boost)  
  141  10:21  Stalker x4  
  141  10:23  Probe  
  141  10:24  Probe  
  151  10:31  Probe  
  152  10:38  Probe  
  152  10:39  Probe  
  154  10:43  Probe  
  154  10:48  Carrier  
  161  10:50  Probe  
  161  10:51  Probe  
  161  10:56  Probe (Chrono Boost)  
  164  11:03  Probe (Chrono Boost)  
  166  11:04  Probe (Chrono Boost)  
  166  11:07  Probe (Chrono Boost)  
  168  11:13  Probe (Chrono Boost)  
  168  11:14  Probe x2 (Chrono Boost)  
  168  11:17  Probe (Chrono Boost)  
  171  11:19  Photon Cannon  
  171  11:22  Photon Cannon  
  171  11:26  Photon Cannon  
  171  11:29  Photon Cannon x2  
  171  11:33  Pylon  
  177  11:47  Carrier  
  177  11:59  Carrier  
  177  12:00  Photon Cannon, Stalker x2  
  187  12:03  Shield Battery  
  187  12:05  Templar Archives  
  187  12:06  Protoss Shields Level 1 (Chrono Boost)  
  187  12:08  Pylon  
  187  12:10  Pylon  
  187  12:13  Protoss Air Weapons Level 2 (Chrono Boost)  
  187  12:25  Assimilator x2  
  187  12:35  Nexus  
  187  12:36  Pylon  
  187  12:41  Stalker x3  
  188  12:56  Carrier  
  188  12:57  Robotics Facility  
  194  13:11  Stargate  
  194  13:25  Stalker x3  
  190  13:50  Photon Cannon  
  190  13:54  Observer  
  175  13:56  Photon Cannon  
  171  14:07  Nexus  
  171  14:09  Pylon  
  171  14:15  Observer  
  161  14:34  Stalker x7  
Show
View Real Time Build Order
Export as new Build Order

Subwayeatn Zerg 

Build Orders: Pool First 

Get SALT Encoding   

  12  0:00  Drone  
  13  0:11  Drone  
  14  0:20  Extractor  
  13  0:27  Spawning Pool  
  12  0:57  Hatchery  
  11  1:14  Queen  
  13  1:24  Overlord  
  13  1:31  Zergling x2  
  14  1:41  Metabolic Boost  
  14  1:46  Zergling x2  
  15  1:50  Zergling x2  
  16  1:55  Zergling x2  
  17  2:08  Zergling x2  
  18  2:18  Zergling x4  
  19  2:40  Zergling x2  
  19  2:41  Zergling x10  
  24  3:02  Zergling x6  
  24  3:03  Zergling x2  
  25  3:15  Overlord  
  25  3:18  Overlord  
  25  3:30  Queen  
  25  3:32  Drone  
  28  3:37  Drone  
  29  3:42  Drone  
  29  3:46  Drone  
  31  4:11  Hatchery  
  29  4:27  Drone x4  
  32  4:42  Queen  
  33  4:47  Queen  
  33  4:52  Drone  
  36  4:53  Drone  
  36  4:56  Drone  
  36  4:59  Drone  
  39  5:17  Drone x3  
  39  5:20  Extractor  
  39  5:21  Drone x2  
  42  5:22  Drone  
  42  5:23  Drone  
  42  5:28  Queen  
  47  5:37  Overlord  
  47  5:43  Overlord  
  47  5:54  Drone, Baneling Nest  
  47  5:58  Drone x5  
  47  5:59  Drone  
  53  6:16  Overlord  
  53  6:19  Overlord  
  53  6:20  Overlord  
  53  6:27  Lair  
  53  6:29  Drone x4  
  53  6:31  Drone  
  58  6:43  Spore Crawler  
  58  6:45  Spore Crawler  
  58  6:46  Spore Crawler  
  55  6:47  Drone  
  55  6:50  Drone  
  55  6:52  Drone x4  
  55  6:53  Drone  
  62  7:01  Evolution Chamber  
  61  7:04  Evolution Chamber  
  60  7:16  Drone x3  
  60  7:19  Spore Crawler  
  62  7:23  Drone x7  
  62  7:27  Zerg Missile Weapons Level 1  
  69  7:30  Zerg Melee Weapons Level 1  
  69  7:31  Spore Crawler  
  69  7:35  Spore Crawler  
  67  7:46  Drone x6  
  67  7:47  Drone  
  56  8:29  Drone x18  
  74  8:38  Extractor  
  74  8:39  Drone, Extractor  
  73  8:45  Hydralisk Den  
  72  8:48  Infestation Pit, Queen  
  72  8:52  Drone x2  
  72  8:53  Drone  
  72  8:54  Drone x2  
  78  8:58  Drone, Extractor  
  78  9:00  Extractor  
  77  9:12  Hatchery  
  67  9:32  Neural Parasite  
  67  9:33  Infestor  
  67  9:34  Infestor x2  
  67  9:37  Grooved Spines  
  73  9:46  Drone x9  
  73  9:47  Drone x7  
  89  10:01  Hive  
  89  10:04  Zerg Melee Weapons Level 2  
  89  10:07  Zerg Missile Weapons Level 2  
  89  10:09  Overlord x7  
  89  10:10  Overlord x2  
  89  10:21  Zergling x2  
  90  10:23  Overlord  
  90  10:24  Overlord x2  
  90  10:28  Overseer  
  90  10:29  Overseer  
  90  10:31  Extractor x2  
  90  10:35  Queen  
  90  10:37  Hydralisk x6  
  102  10:48  Muscular Augments  
  102  10:52  Drone x2  
  102  10:53  Drone x2  
  102  10:55  Drone x2  
  108  11:04  Zergling x8  
  108  11:06  Zergling x6  
  108  11:07  Zergling x2  
  108  11:11  Overlord x3  
  116  11:18  Pneumatized Carapace, Ultralisk Cavern  
  115  11:20  Viper  
  114  11:48  Hydralisk x11  
  114  11:49  Hydralisk x2  
  140  11:56  Zergling x2  
  140  12:00  Drone  
  142  12:02  Drone  
  142  12:03  Drone x2  
  145  12:20  Ultralisk x2  
  157  12:30  Overlord  
  157  12:33  Extractor, Hatchery  
  157  12:34  Extractor  
  154  12:50  Zergling x2  
  154  12:51  Zergling x14  
  156  12:52  Zergling x4  
  156  12:54  Ultralisk x4  
  185  12:59  Chitinous Plating  
  185  13:07  Drone x3  
  185  13:08  Drone x3  
  191  13:17  Hydralisk x4  
  147  13:46  Ultralisk x2  
  156  13:48  Zergling x2  
  156  13:49  Zergling x18  
Tags
 
Composition
Carriers
Matchup
PvZ
Opening
Pool First
Replay Pack
Multiplayer
Spawn Locations
Cross Positions
Add a new tag
Caveats
  • Supply blocks, unpowered buildings, or Contaminate may cause inaccurate times.
  • Supply counts are checked every 10 seconds.